Map: Triton LE

Players

pHARM

  • Race: Zerg Zerg
  • League: Platinum
  • Spawn Location: 11:00

tmt - Winner!

  • Race: Zerg Zerg
  • League: Diamond
  • Spawn Location: 5:00

VOD

Have the link to the VOD?

Description

Time

  • Played on: Sept. 9, 2019, 4:34 p.m.
  • Length: 20:29
Show
View Real Time Build Order
Export as new Build Order

pHARM Zerg 

Build Orders: Hatch First 

Get SALT Encoding   

  12  0:01  Drone  
  13  0:15  Overlord  
  13  0:21  Drone  
  14  0:36  Drone x2  
  16  0:54  Drone, Hatchery  
  16  1:04  Drone x2  
  18  1:19  Spawning Pool  
  18  1:20  Drone  
  18  1:22  Drone  
  19  1:36  Drone  
  20  2:06  Queen  
  20  2:07  Queen  
  24  2:08  Zergling x2  
  24  2:09  Zergling x2  
  24  2:10  Zergling x2  
  24  2:13  Zergling x2  
  28  2:29  Zergling x2  
  27  2:36  Zergling x4  
  27  2:44  Zergling x2  
  28  2:48  Queen  
  27  2:51  Zergling x2  
  27  2:53  Queen  
  27  2:56  Zergling x2  
  25  3:15  Overlord  
  25  3:21  Drone x2  
  28  3:41  Drone x4  
  30  3:56  Drone x4  
  34  4:24  Drone x2  
  34  4:26  Overlord x2  
  35  4:42  Overlord x2  
  35  4:45  Extractor  
  34  4:47  Drone x6  
  41  5:00  Drone x5  
  45  5:10  Roach Warren  
  45  5:11  Evolution Chamber  
  43  5:30  Evolution Chamber  
  40  6:04  Drone  
  40  6:05  Drone x8  
  49  6:16  Overlord x2  
  49  6:26  Extractor  
  49  6:27  Zerg Missile Weapons Level 1, Extractor  
  47  6:51  Baneling Nest  
  46  7:03  Drone  
  46  7:04  Drone x10  
  57  7:11  Lair  
  57  7:23  Spine Crawler  
  57  7:28  Spine Crawler  
  55  7:37  Extractor  
  56  8:00  Overlord x2  
  56  8:01  Overlord  
  56  8:15  Baneling x3  
  55  8:41  Baneling  
  55  8:46  Roach  
  55  8:47  Glial Reconstitution, Roach x10  
  77  8:55  Zerg Missile Weapons Level 2  
  77  8:56  Zerg Ground Armor Level 1  
  77  8:57  Hatchery  
  77  8:58  Roach x2  
  80  9:47  Roach Warren  
  80  9:48  Roach x6  
  80  9:50  Overlord x4  
  90  10:11  Hatchery  
  89  10:43  Roach x8  
  101  10:59  Roach x8  
  117  11:10  Roach x2  
  121  11:11  Zerg Ground Armor Level 2  
  121  11:20  Overlord x2  
  121  11:21  Infestation Pit  
  120  11:46  Roach x9  
  135  12:10  Overseer x2  
  135  12:11  Overseer x3  
  135  12:13  Hive  
  135  12:19  Nydus Network  
  134  12:31  Pneumatized Carapace  
  134  12:49  Extractor  
  134  12:50  Extractor  
  132  13:15  Roach  
  132  13:16  Roach x6  
  132  13:17  Overlord x15  
  132  13:18  Overlord  
  143  13:30  Overlord x5  
  127  13:36  Roach  
  85  14:01  Nydus Canal  
  85  14:46  Roach x3  
  85  14:47  Roach x17  
  92  15:47  Roach x7  
  92  15:48  Roach x13  
  132  15:51  Hatchery  
  131  15:59  Nydus Canal  
  131  16:11  Overseer x5  
  131  16:14  Roach x5  
  131  16:15  Roach x7  
  155  16:24  Roach x3  
  141  16:32  Roach  
  89  16:39  Roach  
  83  16:40  Roach x4  
  79  16:48  Roach x5  
  87  17:07  Zerg Ground Armor Level 3, Zerg Missile Weapons Level 3  
  87  17:08  Hydralisk Den  
  86  17:26  Roach x8  
  100  17:39  Roach  
  100  17:40  Roach x2  
  96  17:49  Drone x4  
  68  18:19  Roach  
  70  18:20  Roach x5  
  56  18:35  Drone x7  
  63  18:47  Nydus Canal  
  43  19:13  Drone x4  
  43  19:14  Drone x9  
  52  19:35  Roach x3  
  52  19:36  Roach x3  
  64  19:50  Hydralisk x5  
  76  20:03  Nydus Canal  
Show
View Real Time Build Order
Export as new Build Order

tmt Zerg - Winner!

Build Orders: Pool First, Lurkers 

Get SALT Encoding   

  12  0:02  Drone  
  13  0:08  Drone  
  14  0:25  Spawning Pool  
  13  0:33  Overlord  
  13  0:37  Drone  
  14  0:53  Drone  
  15  1:11  Zergling x6  
  18  1:23  Zergling x2  
  19  1:36  Zergling x2  
  20  1:47  Zergling x2  
  21  1:55  Zergling x2  
  22  2:10  Spine Crawler  
  22  2:11  Spine Crawler  
  22  2:12  Spine Crawler  
  22  2:14  Spine Crawler x2  
  17  2:16  Zergling x4  
  17  2:17  Spine Crawler  
  17  2:32  Zergling x2  
  14  2:53  Zergling x2  
  14  2:54  Zergling x2  
  14  2:59  Drone  
  14  3:02  Queen  
  17  3:20  Overlord  
  16  3:52  Drone x3  
  19  3:56  Queen  
  21  4:13  Hatchery  
  20  4:20  Overlord  
  20  4:22  Drone  
  21  4:40  Zergling x6  
  21  4:45  Drone x2  
  25  4:48  Drone  
  27  4:53  Drone  
  27  4:56  Extractor  
  27  5:05  Drone  
  28  5:16  Drone  
  29  5:24  Overlord  
  29  5:40  Zergling x6  
  31  5:47  Drone  
  31  5:48  Drone  
  34  5:50  Drone  
  34  5:59  Drone x2  
  34  6:00  Drone  
  34  6:01  Drone  
  38  6:04  Metabolic Boost  
  38  6:09  Overlord  
  38  6:13  Drone  
  39  6:23  Drone x5  
  44  6:27  Drone x2  
  46  6:35  Drone x2  
  46  6:36  Roach Warren  
  47  6:41  Overlord  
  47  6:49  Overlord  
  47  6:51  Drone  
  48  6:56  Drone x2  
  48  6:57  Drone  
  48  6:59  Queen  
  48  7:01  Drone x2  
  55  7:11  Extractor  
  55  7:12  Drone x2  
  55  7:13  Drone x2  
  57  7:24  Drone  
  57  7:25  Drone x2, Extractor  
  59  7:31  Overlord  
  59  7:35  Extractor  
  58  7:39  Evolution Chamber  
  58  7:40  Evolution Chamber  
  56  7:44  Drone x2  
  56  7:45  Roach  
  60  7:53  Overlord  
  60  8:01  Lair  
  60  8:12  Overlord  
  60  8:13  Zerg Ground Armor Level 1  
  60  8:14  Zerg Missile Weapons Level 1  
  60  8:22  Overlord  
  60  8:41  Roach x11  
  81  8:51  Overlord  
  81  8:57  Overlord  
  81  9:02  Zergling x4, Roach x4  
  91  9:04  Hydralisk Den  
  90  9:15  Overseer  
  90  9:18  Overseer  
  90  9:19  Overlord  
  90  9:26  Zergling x4, Roach  
  90  9:27  Roach x3  
  100  9:34  Hatchery  
  100  9:36  Hydralisk x3  
  100  9:37  Hydralisk  
  107  9:42  Roach  
  109  9:45  Lurker Den  
  108  9:54  Hydralisk  
  108  9:55  Roach  
  109  10:09  Overseer  
  109  10:10  Hydralisk x2, Roach x2  
  109  10:11  Roach x2  
  121  10:16  Roach  
  123  10:22  Overlord  
  123  10:24  Overseer x2  
  121  10:52  Hydralisk x3, Roach x2  
  121  10:53  Overlord, Roach x3  
  121  10:54  Overlord  
  121  10:56  Spine Crawler  
  136  11:00  Zerg Missile Weapons Level 2  
  136  11:02  Drone  
  136  11:03  Drone  
  138  11:05  Extractor  
  137  11:17  Overlord  
  137  11:18  Drone  
  137  11:19  Drone x3  
  137  11:24  Overlord  
  141  11:28  Lurker x3  
  141  11:30  Overlord  
  139  11:34  Overlord  
  139  11:36  Extractor  
  139  11:37  Roach x2  
  139  11:38  Roach  
  139  11:39  Overseer  
  143  11:52  Overseer  
  141  12:04  Hydralisk  
  141  12:05  Hydralisk, Roach x5  
  141  12:06  Roach  
  157  12:21  Lurker x2  
  157  12:22  Overlord, Lurker  
  160  12:26  Roach x2  
  160  12:27  Zergling x8  
  168  12:39  Zerg Ground Armor Level 2  
  168  12:53  Hydralisk x2, Roach  
  168  12:54  Roach x2  
  168  12:57  Overlord  
  178  13:01  Glial Reconstitution  
  178  13:07  Roach x2  
  153  13:36  Hydralisk x4  
  153  13:37  Roach x5  
  141  13:47  Roach  
  141  13:48  Roach x2  
  127  13:52  Roach  
  127  13:55  Drone x2  
  121  13:56  Infestation Pit  
  121  13:58  Drone  
  121  13:59  Lurker  
  122  14:05  Drone  
  122  14:06  Drone x2  
  122  14:09  Ravager  
  126  14:16  Drone x4  
  129  14:19  Drone  
  130  14:29  Hydralisk  
  130  14:30  Roach x3  
  138  14:33  Drone  
  139  14:39  Roach x2  
  139  14:40  Roach  
  144  14:52  Drone x4, Hydralisk  
  141  14:57  Drone x2  
  138  15:02  Drone  
  138  15:03  Drone  
  138  15:04  Drone x2  
  138  15:07  Drone  
  138  15:19  Drone  
  138  15:20  Drone x6  
  141  15:25  Drone x2  
  141  15:39  Hatchery  
  141  15:42  Drone  
  141  15:43  Drone x3  
  141  15:46  Drone  
  141  15:47  Drone  
  146  15:55  Drone x5  
  146  15:56  Drone  
  152  16:05  Hive  
  152  16:10  Extractor  
  152  16:11  Extractor  
  131  16:27  Zergling x16  
  123  16:35  Zergling x10, Infestor  
  123  16:37  Roach Warren  
  125  16:46  Hydralisk Den  
  120  16:50  Zergling x6  
  120  16:51  Zergling x4  
  110  17:06  Zergling x14  
  117  17:21  Hydralisk x2  
  117  17:22  Roach x2  
  123  17:34  Hydralisk  
  123  17:35  Roach x2  
  117  17:43  Hydralisk x4  
  117  17:44  Roach x4  
  95  18:06  Hydralisk x2, Roach  
  95  18:07  Roach x3  
  95  18:21  Hydralisk x2  
  95  18:28  Lurker x5  
  100  18:56  Hatchery  
  100  19:02  Hydralisk x2  
  97  19:03  Roach x4  
  109  19:15  Roach x2  
  111  19:34  Roach  
  113  19:45  Roach  
  115  19:49  Hatchery  
  114  19:56  Roach x2  
  114  19:57  Roach  
  132  20:25  Lurker x2  
Tags
 
Composition
Lurkers
Matchup
ZvZ
Race
Zerg
Replay Pack
10.7.19
Spawn Locations
Cross Positions
Add a new tag
Caveats
  • Supply blocks, unpowered buildings, or Contaminate may cause inaccurate times.
  • Supply counts are checked every 10 seconds.